Map: Alcyone LE

Players

A.I. 1 (Medium) - Winner!

  • Race: Zerg Zerg
  • Spawn Location: 1:00

GreatOz

  • Race: Terran Terran
  • League: Diamond
  • Spawn Location: 7:00

VOD

Have the link to the VOD?

Description

Time

  • Played on: Nov. 26, 2023, 4:42 p.m.
  • Length: 4:31
Show
View Real Time Build Order
Export as new Build Order

A.I. 1 (Medium) Zerg - Winner!

Build Orders: Hatch First 

Get SALT Encoding   

  12  0:01  Drone  
  13  0:12  Overlord  
  13  0:16  Drone  
  14  0:31  Drone  
  14  0:33  Drone  
  16  0:36  Drone  
  17  0:54  Hatchery  
  17  0:56  Drone  
  17  1:11  Spawning Pool  
  17  1:13  Drone  
  17  1:16  Drone  
  18  1:19  Extractor  
  18  1:21  Drone  
  18  1:28  Overlord  
  18  1:58  Zergling x4  
  18  1:59  Roach Warren, Queen  
  18  2:00  Drone  
  18  2:01  Extractor  
  21  2:06  Drone  
  22  2:15  Baneling Nest  
  22  2:21  Drone  
  22  2:25  Zergling x2  
  22  2:29  Zergling x2  
  24  2:32  Zergling x2  
  24  2:36  Zergling x2  
  26  2:44  Drone  
  27  2:54  Roach  
  29  3:02  Overlord  
  29  3:12  Roach  
  31  3:13  Drone  
  31  3:18  Drone  
  33  3:20  Drone  
  33  3:24  Drone  
  35  3:28  Drone  
  35  3:30  Baneling x2, Lair  
  35  3:32  Baneling  
  36  3:50  Overlord  
  36  3:55  Roach  
  38  4:09  Extractor  
  37  4:10  Drone  
  40  4:17  Drone  
  42  4:29  Hydralisk Den  
Show
View Real Time Build Order
Export as new Build Order

GreatOz Terran 

Build Orders: 1/1/1 

Get SALT Encoding   

  12  0:08  Supply Depot  
  12  0:16  Refinery  
  12  0:31  Barracks  
  12  0:36  SCV  
  13  0:48  SCV  
  14  1:00  SCV  
  15  1:19  Factory  
  15  1:20  Orbital Command  
  15  1:27  Refinery  
  15  1:45  SCV  
  16  1:57  SCV  
  17  2:03  Starport  
  17  2:10  SCV  
  18  2:22  SCV  
  19  2:26  Supply Depot  
  19  2:34  SCV  
  20  2:39  Fusion Core  
  20  2:41  Starport Tech Lab  
  20  2:46  SCV  
  21  2:58  SCV  
  22  3:10  SCV  
  23  3:22  SCV  
  23  3:26  Battlecruiser  
  30  3:28  Supply Depot  
  30  3:35  Command Center  
  30  3:37  SCV  
  31  3:51  Supply Depot  
  31  3:57  SCV  
  32  4:09  SCV  
  33  4:13  Supply Depot  
Tags
 
League
Diamond
Matchup
TvZ
Spawn Locations
Cross Positions
Add a new tag
Caveats
  • Supply blocks, unpowered buildings, or Contaminate may cause inaccurate times.
  • Supply counts are checked every 10 seconds.